 Dungeon Crawl Stone Soup version 0.27-a0-1528-g90fbb72469 (webtiles) character file.

Game seed: 7345343892421032832

389691 Froggeryz the Warrior (level 23, -20/196 HPs)
             Began as a Barachi Abyssal Knight on July 10, 2021.
             Was the Champion of Lugonu.
             Killed from afar by a tengu reaver (47 damage)
             ... with a bolt of lightning
             ... on level 3 of the Vaults on July 11, 2021.
             The game lasted 01:56:38 (76955 turns).

Froggeryz the Warrior (Barachi Abyssal Knight)     Turns: 76955, Time: 01:56:38

Health: -20/196    AC: 29    Str: 23    XL:     23   Next: 7%
Magic:  40/40      EV: 13    Int: 18    God:    Lugonu [******]
Gold:   2102       SH: 15    Dex: 12    Spells: 22/22 levels left

rFire    + . .     SeeInvis .   N - +9 broad axe (distort)
rCold    + . .     Faith    .   B - +1 kite shield {rC+}
rNeg     . . .     Spirit   .   P - +3 chain mail {Will+}
rPois    +         Reflect  .   A - +2 helmet {Int+3}
rElec    .         Harm     .   I - +1 cloak
rCorr    .         Rampage  .   y - +2 pair of gloves
Will     ++...                  z - +1 pair of boots {Fly}
Stlth    ..........             g - amulet of Aheb {rPois Regen+ MP+9 Str+2}
HPRegen  1.42/turn              O - +4 ring of protection
MPRegen  0.27/turn              F - ring of protection from fire

@: corroded, flying, slow
A: amphibious, slowness 1, strong legs 2, +LOS
}: 2/15 runes: decaying, gossamer
a: Hop, Renounce Religion, Depart the Abyss, Bend Space, Banish, Corrupt, Enter
the Abyss


You were on level 3 of the Vaults.
You worshipped Lugonu.
Lugonu was exalted by your worship.
You visited 7 branches of the dungeon, and saw 37 of its levels.
You visited the Abyss 4 times.
You also visited: Ossuary, Ice Cave, Volcano and Wizlab.

You collected 4883 gold pieces.
You spent 2781 gold pieces at shops.

Inventory:

Hand Weapons
 e - the +11 double sword "Goblinbane" {holy, +Rage rElec Dex+2}
   (You acquired it on level 3 of the Spider Nest)

   It has been blessed by the Shining One to cause great damage to the undead
   and demons.
   Dex:       It affects your dexterity (+2).
   rElec:     It insulates you from electricity.
   +Rage:     It lets you go berserk.
 N - a +9 broad axe of distortion (weapon)
Missiles
 b - 3 curare-tipped darts (quivered)
 p - 27 boomerangs
 t - 7 silver boomerangs
 R - 13 boomerangs of dispersal
 X - 6 atropa-tipped darts
Armour
 y - a +2 pair of gloves (worn)
 z - a +1 pair of boots of flying (worn)
 A - a +2 helmet of intelligence (worn)
 B - a +1 kite shield of cold resistance (worn)
 I - a +1 cloak (worn)
 P - a +3 chain mail of willpower (worn)
Jewellery
 g - the amulet of Aheb (around neck) {rPois Regen+ MP+9 Str+2}
   (You took it off a deep elf blademaster on level 2 of the Elven Halls)

   [amulet of regeneration]

   Str:       It affects your strength (+2).
   rPois:     It protects you from poison.
   MP:        It affects your magic capacity (+9).
   Regen:     It increases your rate of health regeneration.
 j - a ring of resist corrosion
 D - a ring of poison resistance
 F - a ring of protection from fire (right hand)
 O - a +4 ring of protection (left hand)
 V - a ring of see invisible
Wands
 l - a wand of digging (4)
 q - a wand of paralysis (11)
 r - a wand of flame (93)
 J - a wand of iceblast (26)
 L - a wand of charming (2)
 W - a wand of mindburst (25)
 Y - a wand of acid (21)
Scrolls
 a - 4 scrolls of fog
 c - 2 scrolls of summoning
 d - 5 scrolls of enchant weapon
 f - a scroll of teleportation
 k - 8 scrolls of magic mapping
 o - 9 scrolls of immolation
 s - a scroll of holy word
 v - 8 scrolls of brand weapon
 C - 6 scrolls of blinking
 Q - 6 scrolls of fear
 S - 5 scrolls of enchant armour
 T - 4 scrolls of silence
Potions
 h - 4 potions of cancellation
 i - 5 potions of ambrosia
 u - 5 potions of invisibility
 w - 4 potions of curing
 x - 4 potions of berserk rage
 E - 4 potions of magic
 G - 3 potions of mutation
 H - 7 potions of haste
 K - 8 potions of might
 U - 2 potions of resistance
Miscellaneous
 m - a phantom mirror
 n - a condenser vane


   Skills:
 - Level 20.0 Fighting
 - Level 16.1 Long Blades
 * Level 18.0 Axes
 - Level 12.2 Throwing
 - Level 16.0 Armour
 - Level 12.0 Dodging
 - Level 15.0 Shields
 - Level 11.2 Invocations
 - Level 16.3 Evocations


You had 22 spell levels left.
You didn't know any spells.
Your spell library contained the following spells:

 Spells                   Type           Power      Damage    Failure   Level
 Apportation              Tloc           0%         N/A       67%         1
 Foxfire                  Conj/Fire      0%         2x1d4     67%         1
 Sandblast                Erth           0%         2d4       67%         1
 Shock                    Conj/Air       0%         1d3       67%         1
 Sting                    Tmut/Pois      0%         1d3       67%         1
 Passwall                 Tmut/Erth      0%         N/A       80%         2
 Conjure Flame            Conj/Fire      0%         6-21      95%         3
 Gell's Gravitas          Tloc           0%         N/A       95%         3
 Ignite Poison            Fire/Tmut/Pois 0%         N/A       95%         3
 Lesser Beckoning         Tloc           0%         N/A       95%         3
 Stone Arrow              Conj/Erth      0%         3d7       95%         3
 Swiftness                Air            0%         N/A       95%         3
 Teleport Other           Tloc           0%         N/A       95%         3
 Tukima's Dance           Hex            0%         N/A       95%         3
 Airstrike                Air            0%         N/A       100%        4
 Animate Armour           Summ/Erth      0%         N/A       100%        4
 Cause Fear               Hex            0%         N/A       100%        4
 Leda's Liquefaction      Hex/Erth       0%         N/A       100%        4
 Olgreb's Toxic Radiance  Pois           0%         N/A       100%        4
 Passage of Golubria      Tloc           N/A        N/A       100%        4
 Sticky Flame             Conj/Fire      0%         2d3       100%        4
 Agony                    Necr           0%         N/A       100%        5
 Alistair's Intoxication  Tmut/Pois      0%         N/A       100%        5
 Blade Hands              Tmut           0%         N/A       100%        5
 Bolt of Magma            Conj/Fire/Erth 0%         4d4       100%        5
 Borgnjor's Vile Clutch   Necr/Erth      0%         N/A       100%        5
 Excruciating Wounds      Necr           0%         N/A       100%        5
 Summon Forest            Summ/Tloc      0%         N/A       100%        5
 Summon Mana Viper        Hex/Summ       0%         N/A       100%        5
 Yara's Violent Unravell  Hex/Tmut       0%         3d3       100%        5
 Conjure Ball Lightning   Conj/Air       0%         3x3d6     100%        6
 Eringya's Noxious Bog    Tmut/Pois      0%         N/A       100%        6
 Invisibility             Hex            0%         N/A       100%        6
 Iron Shot                Conj/Erth      0%         9d1       100%        6
 Shadow Creatures         Summ           N/A        N/A       100%        6
 Statue Form              Tmut/Erth      0%         N/A       100%        6
 Dragon Form              Tmut           0%         N/A       100%        7
 Ozocubu's Refrigeration  Ice            0%         4d5       100%        7
 Borgnjor's Revivificati  Necr           0%         N/A       100%        8
 Discord                  Hex            0%         N/A       100%        8
 Disjunction              Tloc           0%         N/A       100%        8
 Ignition                 Fire           0%         3d3       100%        8
 Dragon's Call            Summ           0%         N/A       100%        9
 Shatter                  Erth           0%         3d5*      100%        9


Dungeon Overview and Level Annotations

Branches:
Dungeon (15/15)            Temple (0/1) D:7            Lair (6/6) D:10
  Swamp (4/4) Lair:2       Spider (4/4) Lair:4        Slime (0/5) Lair:5
    Orc (2/2) D:12            Elf (3/3) Orc:2        Vaults (3/5) D:14
  Crypt (0/3) Vaults:2     Depths (0/5) D:15        Ossuary (visited)
  IceCv (visited)         Volcano (visited)          WizLab (visited)

Altars:
Gozag
Makhleb
Vehumet
Wu Jian
Xom
Yredelemnul
Beogh
Jiyva

Shops:
D:6 *   D:10 (   Orc:1 *[   Orc:2 (?*?   Elf:2 *   Elf:3 [*

Portals:
Hell: Lair:6
Trove: D:10 (give +4 storm dragon scales)

Annotations:
D:3 2 runed translucent doors, hemabe71's ghost, amateur HuAr
Lair:2 exclusion: oklob plant
Lair:6 2 runed translucent doors, Feb132020's ghost, journeyman TeAE
Swamp:3 3 runed translucent doors, Esiutuon's ghost, adept DECj; Keguf's ghost, journeyman DsMo; Kicvotuo's ghost, adept DjFE; Neku's ghost, journeyman MiBe
Spider:2 3 runed translucent doors, xXDeathSunXx's ghost, journeyman MiBe
Orc:1 1 runed translucent door, Tist's ghost, journeyman GnWr
Abyss:1 Louise


Innate Abilities, Weirdness & Mutations

You are amphibious.
You cover ground slowly.
You can hop long distances.
You have an extended range of vision and can be seen from far away.


Message History

You kill the ironbound frostheart!
Lugonu accepts your kill.
You completely miss the tengu reaver. The ice encasing you melts away.
The vault sentinel blows a loud note on a signal horn!
The tengu reaver hits you with a +0 great sword!
* * * LOW HITPOINT WARNING * * *
The tengu reaver pecks you but does no damage.
You block the tengu reaver's attack.
You hear a shout!
You hit the tengu reaver.
Space bends around the tengu reaver.
The tengu reaver is severely wounded.
A deep troll comes into view.
You slash the tengu reaver!
Space bends around the tengu reaver.
The tengu reaver is almost dead.
The tengu reaver hits you but does no damage.
The tengu reaver pecks you but does no damage.
The tengu reaver claws you but does no damage.
You barely miss the tengu reaver.
The tengu reaver is almost dead.
The tengu reaver gestures at you while chanting.
The bolt of fire hits you! You resist.
* * * LOW HITPOINT WARNING * * *
Throw: javelin (silver)
Press: ? - help, Q - select action, (/) - cycle Shift-Dir - straight line, f - vault sentinel
Aim: a vault sentinel, wielding a +0 long sword and wearing a +0 ring mail (heavily wounded, strong, catching its breath, 68% to hit)
You throw a silver javelin.
The silver javelin misses the tengu reaver.
The silver javelin pierces through the vault sentinel!
The vault sentinel is almost dead.
The silver javelin pierces through the orc knight!!
The orc knight is heavily wounded.
The silver javelin pierces through the deep troll!!
You kill the deep troll!
Lugonu accepts your kill.
The silver javelin pierces through the yaktaur!
The yaktaur is severely wounded.
The tengu reaver gestures at you while chanting.
The bolt of lightning hits you!!!
You die...

#(# #.# #.# #.#
#c# #o# #p#
#Q#######'########
#@)....T..........
#[)...........))..
#..............)..
#..............)..
#.(.......).......
#.................
#.................
#....###########..
#....#......... ..


You could see a tengu reaver, an orc knight (strong), a deep troll, a vault
sentinel (strong, catching breath) and a yaktaur.

Vanquished Creatures
  Bai Suzhen (Spider:4)
  Margery (Vaults:3)
  A profane servitor (Abyss:2)
  A bone dragon (Abyss:3)
  2 deep elf blademasters (Elf:2)
  A titan (Vaults:2)
  A lich (Abyss:2)
  A quicksilver dragon (Vaults:1)
  A deep elf master archer (Elf:3)
  A sphinx (Vaults:1)
  2 tentacled starspawn (Abyss:3)
  Gastronok (D:11)
  Roxanne (Elf:3)
  A draconian monk (Abyss:2)
  2 thorn hunters (Swamp:4)
  A tengu reaver (Vaults:1)
  9 vault wardens
  9 deep elf sorcerers
  A balrug (Abyss:3)
  Aizul (Spider:1)
  4 ghost moths (Spider:4)
  2 deep elf elementalists
  16 ironbound preservers
  A stone giant (Vaults:2)
  3 emperor scorpions
  A very ugly thing (Lair:4)
  9 entropy weavers
  An entropy weaver (shapeshifter) (D:15)
  3 deep elf demonologists
  6 dire elephants
  8 deep elf annihilators
  A bunyip (Swamp:2)
  A white draconian (IceCv)
  3 spark wasps
  7 eleionomae
  A jiangshi (Vaults:2)
  Snorg (D:13)
  2 deep elf death magi (Elf:2)
  Josephine (D:10)
  6 yaktaur captains
  2 crystal guardians (Vaults:2)
  An ice dragon (IceCv)
  A rakshasa (Abyss:2)
  8 deep elf high priests
  5 great orbs of eyes
  8 ironbound thunderhulks
  An ogre mage (D:14)
  22 hydras
  6 centaur warriors
  A ghost crab (Swamp:1)
  2 peacekeepers
  A spriggan air mage (Swamp:1)
  6 boulder beetles
  9 vault guards
  3 catoblepae
  11 two-headed ogres
  12 ironbound frosthearts
  2 death knights
  5 alligators (Swamp:4)
  27 dancing weapons
  6 tengu warriors
  A vampire mage (Vaults:2)
  5 ironbound beastmasters
  6 death yaks
  2 thrashing horrors (Abyss:2)
  Nergalle (D:11)
  3 hell knights (Vaults:3)
  Sonja (Lair:6)
  16 deep elf knights
  A skeletal warrior (D:12)
  A sun demon (Lair:6)
  A fire crab (shapeshifter) (D:14)
  A fire crab (D:15)
  3 wretched stars
  45 deep trolls
  6 spriggan druids
  2 bog bodies
  10 deep elf archers
  A necromancer (Vaults:3)
  15 swamp dragons
  A glowing orange brain (Abyss:2)
  5 lindwurms
  12 ironbound convokers
  An orange crystal statue (IceCv)
  33 deep elf zephyrmancers
  2 phantasmal warriors
  3 wizards
  10 orc knights
  33 deep elf pyromancers
  A mana viper (Abyss:3)
  16 orb spiders
  2 orc sorcerers (Orc:2)
  A stone giant zombie (Abyss:3)
  26 wolf spiders
  4 manticores
  3 worldbinders
  48 ugly things
  2 will-o-the-wisps
  A harpy (shapeshifter) (Elf:1)
  2 moths of wrath
  8 cyclopes
  A torpor snail (Spider:2)
  2 black mambas (shapeshifter)
  6 black mambas
  4 elephants (Lair:4)
  An orange demon (Lair:6)
  13 vault sentinels
  16 cane toads
  A smoke demon (Abyss:2)
  2 centaur skeletons (D:15)
  A gargoyle (D:12)
  4 molten gargoyles (Volcano)
  5 kobold demonologists
  2 unseen horrors
  26 rime drakes
  17 demonic crawlers
  24 yaktaurs
  4 efreet
  8 komodo dragons
  A tengu conjurer (D:14)
  A yaktaur (shapeshifter) (D:15)
  A hellwing (Lair:6)
  3 freezing wraiths
  4 ancient zymes
  3 red devils
  3 ice devils (Lair:6)
  14 polar bears
  19 jumping spiders
  A merfolk (D:11)
  7 trolls
  3 meliai (D:15)
  A harpy skeleton (D:15)
  10 tyrant leeches
  A raiju (shapeshifter) (Elf:1)
  10 hornets
  2 raiju (Abyss:3)
  35 slime creatures
  7 dream sheep (Lair:4)
  Prince Ribbit (D:5)
  A centaur simulacrum (D:15)
  80 redbacks
  A shadow (D:13)
  A ynoxinul (Abyss:2)
  6 spriggans
  6 air elementals
  8 wraiths
  2 vampires
  36 tarantellas
  6 water elementals
  Eustachio (D:6)
  33 yaks
  5 wyverns
  6 fire elementals
  3 chaos spawn
  7 basilisks
  12 vampire mosquitoes
  3 hogs (D:11)
  13 wargs
  Menkaure (D:7)
  6 large abominations
  An acid dragon (D:12)
  19 swamp worms
  11 water moccasins
  2 hell hounds (Lair:6)
  6 swamp drakes
  A sky beast (D:6)
  3 ice beasts
  46 orc warriors
  12 black bears
  14 ogres
  13 centaurs
  9 boggarts
  17 wolves
  7 kobold brigands
  Blork the orc (D:5)
  22 bullfrogs
  4 scorpions
  A wyvern zombie (D:7)
  5 earth elementals
  A water moccasin zombie (D:5)
  6 small abominations
  2 water moccasin skeletons
  11 wights
  6 killer bees (D:9)
  11 electric eels
  5 howler monkeys
  A bullfrog zombie (D:7)
  3 centaur zombies
  4 starcursed masses (Abyss:3)
  3 gnoll shamans
  6 hounds
  15 orc priests
  A quasit (Abyss:2)
  A jelly (D:8)
  2 bullfrog skeletons
  An iron imp (Abyss:3)
  Terence (D:2)
  27 orc wizards
  3 iguanas
  A hell rat (Lair:6)
  2 killer bee zombies
  12 mummies (Ossuary)
  A hound skeleton (D:5)
  A howler monkey zombie (D:11)
  Robin (D:4)
  3 gnolls (D:6)
  2 howler monkey skeletons
  8 adders
  6 white imps
  A worm zombie (D:8)
  An adder skeleton (D:4)
  2 worms
  108 orcs
  15 ball pythons
  8 endoplasms
  A giant cockroach (D:3)
  17 goblins
  6 hobgoblins
  5 jackals
  A bat (D:2)
  3 frilled lizards
  2 gnoll skeletons (Ossuary)
  21 kobolds
  3 kobold skeletons (Ossuary)
  3 orc skeletons (Ossuary)
  6 rats
  11 rat skeletons (Ossuary)
  A butterfly (Lair:4)
  3 fire vortices (Volcano)
  2 lurking horrors (Abyss:3)
  A starspawn tentacle (Abyss:3)
1653 creatures vanquished.

Vanquished Creatures (others)
  An ironbound preserver (Vaults:1)
  3 deep elf knights
  An ironbound convoker (Vaults:1)
  2 wolf spiders (Spider:1)
  3 deep elf zephyrmancers (Elf:2)
  A molten gargoyle (Volcano)
  2 bloated husks (Swamp:2)
  2 redbacks (Spider:3)
  A swamp worm (Swamp:2)
  A fire vortex (Volcano)
  8 foxfires (Swamp:4)
  45 fungi
  69 plants
  8 starspawn tentacles (Abyss:3)
147 creatures vanquished.

Grand Total: 1800 creatures vanquished

Notes
Turn   | Place    | Note
-------+----------+-------------------------------------------
     0 | Abyss:1  | Froggeryz the Barachi Abyssal Knight began the quest for
                  | the Orb.
     0 | Abyss:1  | Reached XP level 1. HP: 18/18 MP: 2/2
    38 | Abyss:1  | Noticed a chaos spawn
    38 | Abyss:1  | Noticed a chaos spawn
    38 | Abyss:1  | Noticed a chaos spawn
    38 | Abyss:1  | Noticed a chaos spawn
    38 | Abyss:1  | Noticed a chaos spawn
   117 | Abyss:1  | Reached XP level 2. HP: 17/24 MP: 3/3
   119 | Abyss:1  | Noticed a thrashing horror
   123 | D:1      | Escaped the Abyss
   571 | D:1      | Reached * piety under Lugonu
   694 | D:1      | Found a faded altar of an unknown god.
  1140 | D:1      | Reached XP level 3. HP: 29/29 MP: 4/4
  1906 | D:2      | Reached skill level 5 in Long Blades
  1906 | D:2      | Reached XP level 4. HP: 16/36 MP: 5/5
  2386 | D:2      | Noticed Terence
  2403 | D:2      | Reached XP level 5. HP: 16/41 MP: 1/6
  2411 | D:2      | HP: 2/41 [Terence (2)]
  2416 | D:2      | Killed Terence
  2760 | D:2      | Found a burning altar of Makhleb.
  2966 | D:3      | Found a large runed translucent door.
  2966 | D:3      | Found a large runed translucent door.
  2969 | D:3      | Noticed hemabe71's ghost (amateur HuAr)
  3022 | D:3      | Found a basalt altar of Yredelemnul.
  3042 | D:3      | Reached ** piety under Lugonu
  3081 | D:3      | You fall into a shaft and drop 1 floor!
  3513 | D:3      | Reached XP level 6. HP: 48/48 MP: 7/7
  3775 | D:4      | Reached skill level 4 in Fighting
  3852 | D:4      | Noticed Robin
  3869 | D:4      | Killed Robin
  4432 | D:4      | Noticed an ice beast
  4459 | D:4      | Reached XP level 7. HP: 51/55 MP: 6/8
  4482 | D:4      | Reached *** piety under Lugonu
  4740 | D:4      | Reached skill level 5 in Fighting
  4989 | D:5      | Entered Level 5 of the Dungeon
  5553 | D:5      | Noticed Prince Ribbit
  5561 | D:5      | Killed Prince Ribbit
  5562 | D:5      | Reached skill level 6 in Fighting
  5562 | D:5      | Reached skill level 5 in Armour
  5562 | D:5      | Reached XP level 8. HP: 54/64 MP: 7/9
  5912 | D:5      | Noticed a kobold demonologist
  5929 | D:5      | Noticed Blork the orc
  5939 | D:5      | Killed a kobold demonologist
  5943 | D:5      | Killed Blork the orc
  5944 | D:5      | Reached skill level 7 in Fighting
  6341 | D:6      | Reached XP level 9. HP: 61/72 MP: 10/10
  6449 | D:6      | Noticed Eustachio
  6471 | D:6      | Killed Eustachio
  6472 | D:6      | Reached skill level 1 in Evocations
  6740 | D:6      | Reached **** piety under Lugonu
  6858 | D:6      | Reached skill level 8 in Fighting
  7026 | D:6      | Reached skill level 5 in Dodging
  7050 | D:6      | Found Cymmyssa's Gadget Gallery.
  7740 | D:7      | Found a staircase to the Ecumenical Temple.
  7754 | D:7      | Reached skill level 1 in Throwing
  7882 | D:7      | Noticed a two-headed ogre
  7889 | D:7      | Killed a two-headed ogre
  7890 | D:7      | Reached skill level 9 in Fighting
  7890 | D:7      | Reached XP level 10. HP: 83/83 MP: 11/11
  7913 | D:7      | Noticed Menkaure
  7918 | D:7      | Killed Menkaure
  8177 | D:7      | Reached skill level 1 in Shields
  8567 | D:7      | Noticed a cyclops
  8791 | D:7      | Noticed an eight-headed hydra
  8884 | D:7      | Reached ***** piety under Lugonu
  9265 | D:7      | Identified the +8 flail of Trog's Displeasure {vorpal,
                  | *Noise rPois rF+ Dex+7}
  9265 | D:7      | Identified the +0 leather armour of Pessimism {Harm rC+++
                  | Slay-4 Stlth+}
  9265 | D:7      | Noticed a kobold demonologist
  9304 | D:8      | Noticed a green ugly thing
  9314 | D:8      | Killed a green ugly thing
  9315 | D:8      | Reached skill level 5 in Throwing
  9328 | D:8      | Found a sand-covered staircase.
  9341 | Ossuary  | Entered an ossuary
 10115 | D:8      | Reached XP level 11. HP: 86/89 MP: 12/12
 10491 | D:9      | Found a shimmering altar of Xom.
 10512 | D:9      | Reached skill level 5 in Shields
 10807 | D:9      | Found the +7 mace of Variability {chain chaos}
 11142 | D:10     | Entered Level 10 of the Dungeon
 11155 | D:10     | Found a staircase to the Lair.
 11550 | D:10     | Found Mutik's Weapon Shop.
 11980 | D:10     | Reached skill level 5 in Invocations
 12026 | D:10     | Noticed Josephine
 12040 | D:10     | Killed Josephine
 12270 | D:10     | Found a portal to a secret trove of treasure.
 12430 | Lair:1   | Entered Level 1 of the Lair of Beasts
 13219 | Lair:1   | Reached XP level 12. HP: 88/95 MP: 15/17
 13486 | Lair:1   | Got An Introduction to Secret Knowledge
 14039 | Lair:2   | Noticed a seven-headed hydra
 14043 | Lair:2   | Noticed a catoblepas
 14052 | Lair:2   | Banished a seven-headed hydra
 14321 | Lair:2   | Found the +2 robe of Vines {NoPotionHeal Regen+++}
 14509 | Lair:2   | Noticed a four-headed hydra
 14523 | Lair:2   | Killed a four-headed hydra
 14554 | Lair:2   | Killed a catoblepas
 14712 | Lair:2   | Noticed a six-headed hydra
 14720 | Lair:2   | Banished a six-headed hydra
 14853 | Lair:2   | Found a staircase to the Swamp.
 15961 | Lair:3   | Noticed a death yak
 15961 | Lair:3   | Noticed a death yak
 15961 | Lair:3   | Noticed a death yak
 15961 | Lair:3   | Noticed a death yak
 15961 | Lair:3   | Noticed a death yak
 15961 | Lair:3   | Noticed a death yak
 15977 | Lair:2   | Killed a death yak
 16096 | Lair:3   | Identified the +10 trident "Qoasch" {antimagic, rN+ rCorr
                  | Str-3}
 16371 | Lair:2   | Killed a death yak
 16372 | Lair:2   | Reached skill level 10 in Invocations
 16642 | Lair:1   | Killed a death yak
 16643 | Lair:1   | Reached skill level 10 in Shields
 16725 | Lair:3   | Gained mutation: You can hop long distances. [Barachi
                  | growth]
 16725 | Lair:3   | Reached XP level 13. HP: 101/101 MP: 20/20
 18237 | Lair:4   | Found a hole to the Spider Nest.
 19564 | Lair:4   | Reached ****** piety under Lugonu
 20354 | Lair:5   | Found a viscous altar of Jiyva.
 20354 | Lair:5   | Found a staircase to the Slime Pits.
 21093 | Lair:5   | You fall into a shaft and drop 1 floor!
 21093 | Lair:6   | Entered Level 6 of the Lair of Beasts
 21424 | Lair:5   | Found an opulent altar of Gozag.
 21689 | Lair:6   | Found a large runed translucent door.
 21689 | Lair:6   | Found a large runed translucent door.
 21694 | Lair:6   | Noticed Feb132020's ghost (journeyman TeAE)
 21715 | Lair:6   | Noticed Sonja
 21738 | Lair:6   | Killed Sonja
 21974 | Lair:6   | Reached XP level 14. HP: 93/108 MP: 17/21
 22781 | Lair:6   | Found a burning altar of Makhleb.
 23355 | Lair:6   | Found a gateway to Hell.
 23364 | Lair:6   | Identified the +11 flail "Runwar" {vorpal, SInv}
 24627 | D:11     | Noticed Nergalle
 24644 | D:11     | Killed Nergalle
 24645 | D:11     | Reached skill level 15 in Shields
 24774 | D:11     | Found an ornate altar of the Wu Jian Council.
 24941 | D:11     | Noticed Gastronok
 24952 | D:11     | Killed Gastronok
 25111 | D:11     | Reached skill level 10 in Fighting
 25542 | D:11     | Identified the +3 leather armour "Dioxkas" {rPois rC-
                  | Int+2}
 26146 | D:11     | Upgraded the game from 0.27-a0-1519-gc8121b24ce to
                  | 0.27-a0-1528-g90fbb72469
 26404 | D:12     | Reached skill level 11 in Fighting
 26442 | D:12     | Reached skill level 10 in Throwing
 26813 | D:12     | Reached XP level 15. HP: 96/119 MP: 18/22
 26914 | D:12     | Found a staircase to the Orcish Mines.
 27402 | Orc:1    | Entered Level 1 of the Orcish Mines
 27407 | Orc:1    | Found Ytresu's CLEARANCE SALE! EVERYTHING MUST GO!.
 27494 | Orc:1    | Found a dark tunnel.
 27529 | Volcano  | Entered a volcano
 27549 | Volcano  | Reached skill level 12 in Fighting
 28905 | Orc:1    | Found Vyisekhy's Antique Armour Shoppe.
 29024 | Orc:1    | Found a runed translucent door.
 29024 | Orc:1    | Found a shimmering altar of Xom.
 29024 | Orc:1    | Noticed Tist's ghost (journeyman GnWr)
 29896 | Orc:2    | Entered Level 2 of the Orcish Mines
 29977 | Orc:2    | Found a staircase to the Elven Halls.
 30309 | Orc:1    | Reached skill level 13 in Fighting
 31500 | Orc:2    | Found Hydobitz's Magic Scroll Boutique.
 31500 | Orc:2    | Found Arhuitah's Antique Weapon Shoppe.
 31624 | Orc:2    | Found Ymahulei's Magic Scroll Boutique.
 31627 | Orc:2    | Found Uraps's Assorted Antiques.
 32508 | Orc:2    | Bought a scroll of enchant weapon for 105 gold pieces
 32508 | Orc:2    | Bought a scroll of enchant armour for 105 gold pieces
 32508 | Orc:2    | Bought a scroll of enchant armour for 105 gold pieces
 32508 | Orc:2    | Bought a scroll of magic mapping for 49 gold pieces
 32508 | Orc:2    | Bought 3 scrolls of enchant weapon for 315 gold pieces
 32508 | Orc:2    | Bought a scroll of teleportation for 42 gold pieces
 32508 | Orc:2    | Bought a scroll of immolation for 49 gold pieces
 32508 | Orc:2    | Bought a scroll of teleportation for 42 gold pieces
 32538 | Orc:2    | Bought a scroll of enchant weapon for 120 gold pieces
 32538 | Orc:2    | Bought a scroll of fear for 56 gold pieces
 32538 | Orc:2    | Bought a scroll of enchant armour for 120 gold pieces
 32538 | Orc:2    | Bought a scroll of blinking for 120 gold pieces
 32569 | Orc:2    | Bought a scroll of blinking for 150 gold pieces
 32569 | Orc:2    | Bought a pair of glowing boots for 150 gold pieces
 32640 | Orc:1    | Bought a shiny helmet for 210 gold pieces
 33073 | D:13     | Noticed Snorg
 33438 | D:13     | Killed Snorg
 33439 | D:13     | Reached skill level 14 in Fighting
 35551 | D:14     | Paralysed by an ogre mage for 2 turns
 35986 | D:13     | Reached XP level 16. HP: 121/133 MP: 20/23
 36588 | D:14     | Found a gate to the Vaults.
 37041 | D:15     | Entered Level 15 of the Dungeon
 37105 | D:15     | Reached skill level 10 in Armour
 38673 | D:15     | Found a staircase to the Depths.
 39075 | D:15     | Paralysed by a great orb of eyes for 5 turns
 39160 | D:15     | Identified the ring of Naitomisch {rPois rF- rN+ Int+5
                  | Dex+6}
 40209 | Swamp:1  | Entered Level 1 of the Swamp
 40299 | Spider:1 | Entered Level 1 of the Spider Nest
 40775 | Spider:1 | Noticed Aizul
 40809 | Spider:1 | Killed Aizul
 40867 | Spider:1 | Reached XP level 17. HP: 55/139 MP: 10/24
 40874 | Spider:1 | Found a frozen archway.
 40883 | IceCv    | Entered an ice cave
 42873 | IceCv    | Noticed a shard shrike
 42876 | IceCv    | Banished a shard shrike
 42877 | IceCv    | Reached skill level 15 in Armour
 44400 | Spider:1 | Reached skill level 10 in Dodging
 45364 | Spider:2 | Found a runed translucent gate.
 45365 | Spider:2 | Found a runed translucent gate.
 45369 | Spider:2 | Found a runed translucent gate.
 45372 | Spider:2 | Noticed xXDeathSunXx's ghost (journeyman MiBe)
 47418 | Spider:3 | Reached XP level 18. HP: 74/147 MP: 18/26
 48618 | Spider:3 | Reached skill level 15 in Fighting
 48922 | Spider:3 | Identified a scroll of acquirement
 48923 | Spider:3 | Acquired the +11 double sword "Goblinbane" {holy, +Rage
                  | rElec Dex+2}
 49434 | Spider:4 | Entered Level 4 of the Spider Nest
 50053 | Spider:4 | Noticed Bai Suzhen
 50754 | Swamp:1  | Reached skill level 15 in Long Blades
 53158 | Swamp:3  | Found a runed translucent gate.
 53158 | Swamp:3  | Found a runed translucent gate.
 53158 | Swamp:3  | Found a runed translucent gate.
 53159 | Swamp:3  | Noticed Neku's ghost (journeyman MiBe)
 53159 | Swamp:3  | Noticed Esiutuon's ghost (adept DECj)
 53160 | Swamp:3  | Noticed Keguf's ghost (journeyman DsMo)
 53160 | Swamp:3  | Noticed Kicvotuo's ghost (adept DjFE)
 53610 | Swamp:4  | Entered Level 4 of the Swamp
 53638 | Swamp:4  | Reached skill level 5 in Evocations
 54488 | Swamp:3  | Reached skill level 16 in Fighting
 54708 | Swamp:3  | Reached XP level 19. HP: 112/157 MP: 19/27
 55207 | Swamp:4  | Got a decaying rune of Zot
 55938 | Spider:4 | Killed Bai Suzhen
 56553 | Spider:4 | Reached skill level 17 in Fighting
 57961 | Spider:4 | Got a gossamer rune of Zot
 58365 | Vaults:1 | Entered Level 1 of the Vaults
 58786 | D:14     | Reached skill level 10 in Evocations
 59715 | Elf:1    | Entered Level 1 of the Elven Halls
 59734 | Elf:1    | Reached skill level 18 in Fighting
 59849 | Elf:1    | Found a radiant altar of Vehumet.
 60444 | Elf:1    | Reached XP level 20. HP: 93/171 MP: 18/28
 61440 | Elf:1    | Paralysed by an air elemental for 1 turns
 63160 | Elf:2    | Found a runed translucent gate.
 63160 | Elf:2    | Found a runed translucent gate.
 63160 | Elf:2    | Found a runed translucent gate.
 63184 | Elf:2    | Reached skill level 19 in Fighting
 63843 | Elf:2    | Found Wacvag's Elven Fire.
 64177 | Elf:2    | Paralysed by an air elemental for 1 turns
 64180 | Elf:2    | Paralysed by an air elemental for 1 turns
 64787 | Elf:2    | Paralysed by an air elemental for 1 turns
 64941 | Elf:3    | Entered Level 3 of the Elven Halls
 65120 | Elf:3    | Found a magical portal.
 65136 | WizLab   | Entered Wucad Mu's Monastery
 65760 | Elf:3    | Paralysed by an air elemental for 1 turns
 66118 | Elf:3    | Found Fonnawyu's General Store.
 66119 | Elf:3    | Found Kaomar's Armour Boutique.
 66131 | Elf:3    | Bought a scroll of enchant weapon for 150 gold pieces
 66131 | Elf:3    | Bought a scroll of magic mapping for 70 gold pieces
 66131 | Elf:3    | Bought a wand of digging (4) for 320 gold pieces
 66137 | Elf:3    | Bought a +3 chain mail of willpower for 503 gold pieces
 66201 | Elf:3    | Noticed Roxanne
 66244 | Elf:3    | Killed Roxanne
 66974 | Elf:2    | Reached skill level 20 in Fighting
 67287 | Elf:3    | Cast into level 2 of the Abyss (a deep elf sorcerer)
 67403 | Abyss:2  | Paralysed by a great orb of eyes for 7 turns
 67413 | Abyss:2  | Reached XP level 21. HP: 121/164 MP: 23/29
 67758 | Abyss:2  | Noticed a profane servitor
 67774 | Abyss:2  | Killed a profane servitor
 67797 | Elf:3    | Escaped the Abyss
 68640 | Elf:3    | Reached skill level 15 in Evocations
 69185 | Elf:3    | Noticed Louise
 69197 | Elf:3    | Banished Louise
 69301 | Elf:3    | Cast into level 3 of the Abyss (a deep elf sorcerer)
 69301 | Abyss:3  | Found a corrupted altar of Lugonu.
 69311 | Abyss:3  | Identified the +0 long sword of Traps {vorpal, Int+3}
 69314 | Abyss:3  | Found a radiant altar of Vehumet.
 69661 | Abyss:3  | Found a transporter.
 69688 | Abyss:3  | Paralysed by accursed screaming for 1 turns
 69710 | Abyss:3  | Noticed a bone dragon
 69730 | Abyss:3  | Killed a bone dragon
 70003 | Elf:3    | Escaped the Abyss
 70666 | Elf:3    | Paralysed by an air elemental for 1 turns
 70671 | Elf:3    | Identified the +3 scale mail of the Enchanted Forest {+Inv}
 70960 | Elf:3    | Identified the +10 falchion "Yzxolet" {vorpal, +Rage Dex+5}
 71147 | Elf:3    | Identified the amulet of Aheb {rPois Regen+ MP+9 Str+2}
 71366 | Elf:3    | Cast into level 2 of the Abyss (a deep elf sorcerer)
 71366 | Abyss:2  | Found a corrupted altar of Lugonu.
 71367 | Elf:3    | Escaped the Abyss
 71628 | Elf:3    | Got Anepotoi's Compendium of Poisonous Necromancy
 71987 | Vaults:1 | Reached skill level 1 in Axes
 72215 | Vaults:1 | Reached skill level 5 in Axes
 72977 | Vaults:1 | Reached skill level 10 in Axes
 72986 | Vaults:1 | Reached XP level 22. HP: 93/190 MP: 30/30
 74047 | Vaults:2 | Identified the +11 shortbow of the Red Skies {vorpal,
                  | Fragile rF+ Dex+3}
 74266 | Vaults:2 | Reached skill level 15 in Axes
 74409 | Vaults:2 | Found a staircase to the Crypt.
 75865 | Vaults:3 | Noticed Margery
 75886 | Vaults:3 | Killed Margery
 76775 | D:14     | Identified a +9 broad axe of distortion (a +9 broad axe of
                  | flaming corrupted by Lugonu)
 76775 | D:14     | Received a gift from Lugonu
 76923 | Vaults:3 | Reached XP level 23. HP: 194/196 MP: 31/31
 76955 | Vaults:3 | Killed from afar by a tengu reaver

Illustrated notes

Levels and vault maps discovered:
D:1:      ncdulo_smallfort, layout_loops_cross, basic_ecumenical_altar,
          st_stairs_6
D:2:      layout_rooms, basic_altar, minmay_misc_feat_secret_circle,
          uniq_terence
D:3:      layout_loops_cross, mainiacjoe_overflow_small_starburst,
          ebering_ghost_disaster_area, grunt_ministairs_6,
          palyth_stone_intersect
D:4:      layout_gridville, grunt_ministairs_10, minmay_joined_circles,
          uniq_robin
D:5:      kennysheep_spiral_hall, layout_layer_cave, kennysheep_potato,
          uniq_prince_ribbit1, uniq_blork_the_orc
D:6:      minmay_thinvault, layout_basic, minmay_misc_feat_more_columns,
          chequers_serial_rivers_room_a, nicolae_shop_gadgets, uniq_eustachio
D:7:      minmay_the_grid_triangle_9x9_rhombus_thin
          [minmay_the_grid_triangle_9x9_alien,
          minmay_the_grid_triangle_9x9_prize_center,
          minmay_the_grid_triangle_9x9_longest,
          minmay_the_grid_triangle_9x9_corruption], layout_rooms,
          minmay_temple_entry_trees, kennysheep_generic_room_14, uniq_menkaure
D:8:      layout_rooms, enter_ossuary_3
D:9:      layout_loops_ring, minmay_guarded_unrand_variability
D:10:     layout_small_grid, erik_lair_orcish_takeover, serial_shops, shop,
          nicolae_trove_entry_columns, uniq_josephine
D:11:     kennysheep_town, uniq_nergalle, uniq_gastronok
D:12:     layout_gridville, orc_0_dummy
D:13:     layout_irregular_city, kennysheep_generic_room_4, uniq_snorg
D:14:     layout_small_grid, erik_vaults_2, minivault_19
D:15:     gammafunk_enter_depths_forms, layout_rooms,
          hangedman_decor_clover_reticule, hangedman_weighted_door,
          evilmike_minifort
Lair:1:   layout_hall_layers, lemuel_fruit_tree
Lair:2:   layout_chaotic_city, minmay_swamp_entry_worms,
          hellmonk_guarded_unrand_vines
Lair:3:   layout_regular_city
Lair:4:   layout_hall_layers, spider_nest_entry_web_field,
          serial_bayou_crossing, infiniplex_staircase_pool_2,
          lemuel_fruit_fields
Lair:5:   layout_cave_pods, slime_altar_1, lemuel_centaur_altar,
          grunt_megastairs_1
Lair:6:   evil_forest, layout_cave_pods, ebering_ghost_disaster_area, uniq_sonja
Swamp:1:  layout_basic_swamp, nicolae_swamp_some_circles
Swamp:2:  layout_falls_marsh, nicolae_swamp_rocky_clearing
Swamp:3:  layout_basic_swamp, gammafunk_ghost_cemetery, serial_swamp_ruin,
          evilmike_swamp_ruin_house_1, evilmike_swamp_ruin_house_5
Swamp:4:  swamp, layout_basic_swamp, swamp_pool2
Spider:1: layout_spider_delve, portal_ice_cave_entry_ugly_swarm, drop_trap,
          uniq_aizul
Spider:2: layout_spider_delve, gammafunk_ghost_tricky_traps
Spider:3: layout_chambers
Spider:4: grunt_spider_rune_parallel, uniq_bai_suzhen
Orc:1:    layout_caves, nicolae_volcano_entry_two_sided, basic_altar,
          serial_shops, shop_statue, ebering_ghost_xom, nicolae_shop_clearance
Orc:2:    st_orc_town, layout_caves
Elf:1:    eino_elf_arrival_altar, layout_loops_cross,
          hangedman_elven_crosses_minicolossus
Elf:2:    layout_geoelf_diagonals, grunt_ministairs_2, guppyfry_elf_lava
Elf:3:    minmay_elf_hall_quartered_circle, layout_geoelf_grid,
          infiniplex_enter_wizlab_glasses, hangedman_elf_represent,
          minmay_shoptagon, uniq_roxanne, uniq_louise
Vaults:1: hangedman_vaults_capsules, v_alt_pattern_5, ontoclasm_vaults_spin,
          v_misc_23, st_octagons_2, v_pattern_3, v_misc_29, v_misc_33,
          vaults_dpeg_hooks, nicolae_vaults_circle_grid_b,
          grunt_vaults_diagonal, layout_vaults_ring
Vaults:2: nicolae_vaults_bisected_inception, v_pattern_1,
          minmay_crypt_entry_simple_statues, v_misc_14,
          ontoclasm_vaults_ring_large, nicolae_vaults_network_quinsquares
          [nicolae_vaults_network_quincunx_subvault,
          nicolae_vaults_network_quincunx_subvault,
          nicolae_vaults_network_quincunx_subvault,
          nicolae_vaults_network_quincunx_subvault],
          hangedman_vaults_corner_blocks, v_rooms_2,
          grunt_vaults_funneled_arena, nicolae_vaults_three_branches,
          layout_vaults_omnibox
Vaults:3: grunt_vaults_twisty, v_misc_12, nicolae_vaults_network_barrier,
          ontoclasm_vaults_shuriken, nicolae_vaults_mini_display_case,
          vaults_mumra_minichess_inversion, v_misc_2, serial_ice_m,
          layout_vaults_quadrants, uniq_margery

Skill      XL: |  1  2  3  4  5  6  7  8  9 10 11 12 13 14 15 16 17 18 19 20 21 22 23 |
---------------+----------------------------------------------------------------------+-----
Long Blades    | 3 4 5 13 14 16 | 16.1
Fighting       | 4 6 7 9 11 14 16 18 20 | 20.0
Armour         | 3 5 8 13 16 | 16.0
Dodging        | 3 5 7 10 12 | 12.0
Evocations     | 3 6 11 14 16 | 16.3
Throwing       | 2 5 6 8 10 11 12 | 12.2
Shields        | 4 7 10 13 15 | 15.0
Invocations    | 2 7 10 11 | 11.2
Axes           | 10 17 18 | 18.0

Action                   |  1- 3 |  4- 6 |  7- 9 | 10-12 | 13-15 | 16-18 | 19-21 | 22-24 || total
-------------------------+-------+-------+-------+-------+-------+-------+-------+-------++-------
Melee: Falchion          |    40 |   190 |    19 |       |       |       |       |       ||   249
       Dagger            |    50 |    30 |       |       |       |       |       |       ||    80
       Long sword        |       |       |   222 |   721 |  2029 |  1411 |       |       ||  4383
       Scimitar          |       |       |       |       |     7 |   490 |     5 |       ||   502
       Double sword      |       |       |       |       |       |   461 |  1810 |   728 ||  2999
       Broad axe         |       |       |       |       |       |       |       |    43 ||    43
Throw: Boomerang         |       |       |       |    31 |   129 |   115 |    82 |    22 ||   379
       Dart              |       |       |       |       |    43 |    94 |    22 |     1 ||   160
       Javelin           |       |       |       |       |    10 |     4 |    14 |     6 ||    34
Invok: Depart the Abyss  |     1 |       |       |       |       |       |     1 |       ||     2
       Banish            |       |       |       |     4 |     3 |     6 |     1 |     1 ||    15
       Brand Weapon With |       |       |       |       |       |       |       |     1 ||     1
 Abil: Hop               |       |     1 |     2 |     8 |     8 |     5 |     5 |     3 ||    32
Evoke: Wand              |       |       |     5 |    25 |    28 |    12 |    10 |     1 ||    81
       Condenser vane    |       |       |       |       |       |       |     2 |     1 ||     3
  Use: Scroll            |     2 |     2 |     5 |    15 |    10 |    12 |     7 |    12 ||    65
       Potion            |       |     4 |     1 |     1 |     1 |    10 |    15 |     2 ||    34
 Stab: Paralysed         |       |       |       |     7 |     1 |       |       |       ||     8
       Petrified         |       |       |       |       |       |    11 |       |       ||    11
       Petrifying        |       |       |       |       |       |     2 |       |       ||     2
       Confused          |       |       |       |       |       |     3 |       |       ||     3
       Held in net/web   |       |       |       |       |       |     1 |     3 |       ||     4
Armor: Leather armour    |    27 |     5 |       |       |       |       |       |       ||    32
       Ring mail         |       |    58 |    71 |   226 |   479 |       |       |       ||   834
       Skin              |       |       |     7 |       |       |       |       |       ||     7
       Plate armour      |       |       |       |       |   257 |  1648 |   797 |       ||  2702
       Chain mail        |       |       |       |       |       |       |   303 |   298 ||   601
Dodge: Dodged            |    58 |    72 |   152 |   394 |   941 |   774 |   634 |   232 ||  3257
Block: Buckler           |       |       |       |    59 |   207 |       |       |       ||   266
       Kite shield       |       |       |       |       |   726 |  1719 |  1254 |   479 ||  4178
       Rpst.: Falchion   |    10 |    19 |       |       |       |       |       |       ||    29
       Long sword        |       |       |    48 |   101 |   234 |    88 |       |       ||   471
       Scimitar          |       |       |       |       |       |    38 |     1 |       ||    39
       Double sword      |       |       |       |       |       |    21 |   102 |    45 ||   168

Table legend: (Time is in decaauts)
 A = Elapsed time spent in this place.
 B = Non-inter-level travel time spent in this place.
 C = Inter-level travel time spent in this place.
 D = Time resting spent in this place.
 E = Time spent auto-exploring this place.
 F = Levels seen in this place.
 G = Mean time per level.
                   A        B        C        D        E       F      G
               +--------+--------+--------+--------+--------+-----+--------+
         Total |  80437 |  76629 |   3808 |  21706 |  41135 |  45 | 1787.5 |
       Dungeon |  25852 |  24545 |   1307 |   5498 |  15130 |  15 | 1723.5 |
          Lair |  12188 |  11249 |    939 |   1967 |   7597 |   6 | 2031.3 |
         Swamp |   5096 |   4928 |    168 |   1512 |   2655 |   4 | 1274.0 |
   Spider Nest |  10586 |  10191 |    395 |   2396 |   5940 |   4 | 2646.5 |
  Orcish Mines |   4764 |   4309 |    455 |   1313 |   2115 |   2 | 2382.0 |
   Elven Halls |  10716 |  10453 |    263 |   5136 |   3664 |   3 | 3572.0 |
        Vaults |   5586 |   5307 |    279 |   1036 |   2850 |   3 | 1862.0 |
         Abyss |   1333 |   1333 |      0 |    707 |     46 |   4 |  333.2 |
       Ossuary |    527 |    527 |      0 |    109 |    312 |   1 |  527.0 |
      Ice Cave |   2355 |   2355 |      0 |   1049 |    758 |   1 | 2355.0 |
       Volcano |   1192 |   1192 |      0 |    837 |     64 |   1 | 1192.0 |
        Wizlab |    239 |    239 |      0 |    142 |      0 |   1 |  239.0 |
               +--------+--------+--------+--------+--------+-----+--------+

Top non-repeatable levels by time:
   Elf:2: 4600 daAuts
   Elf:3: 3577 daAuts
  Lair:2: 3152 daAuts
Spider:4: 3111 daAuts
    D:14: 3002 daAuts
    D:15: 2976 daAuts
   Orc:1: 2785 daAuts
Spider:3: 2708 daAuts
Vaults:1: 2670 daAuts
    D:11: 2574 daAuts
   Elf:1: 2538 daAuts
Spider:1: 2519 daAuts
  Lair:4: 2392 daAuts
   IceCv: 2355 daAuts
  Lair:6: 2321 daAuts
